 Dungeon Crawl Stone Soup version 0.26.1-2-gb8aa6d0cf2 (webtiles) character file.

Game seed: 1590626035262621753

256 dohliylev the Chopper (level 5, -8/48 HPs)
             Began as a Minotaur Berserker on Mar 24, 2021.
             Was a Believer of Trog.
             Mangled by an ogre
             ... wielding a +0 giant spiked club
              (16 damage)
             ... on level 4 of the Dungeon.
             The game lasted 00:05:12 (3400 turns).

dohliylev the Chopper (Minotaur Berserker)          Turns: 3400, Time: 00:05:12

Health: -8/48      AC: 11    Str: 23    XL:     5   Next: 92%
Magic:  4/4        EV:  7    Int:  0    God:    Trog [**....]
Gold:   143        SH:  0    Dex:  9    Spells: 4/4 levels left

rFire    . . .     SeeInvis .   a - +0 hand axe
rCold    . . .     Faith    .   (no shield)
rNeg     . . .     Spirit   .   h - +0 plate armour
rPois    .         Reflect  .   (helmet restricted)
rElec    .         Harm     .   (no cloak)
rCorr    .         Rampage  .   (no gloves)
Will     ++...     Rnd*Tele +   (no boots)
Stlth    ..........             (no amulet)
HPRegen  1.16/turn              i - -4 ring of intelligence (curse)
MPRegen  0.09/turn              k - ring of teleportation (curse)

@: lethally poisoned (-8 -> -8), berserk cooldown, regenerating (expiring),
slowed, lost intelligence, very slow
A: retaliatory headbutt, horns 2
a: Renounce Religion, Berserk, Trog's Hand


You were on level 4 of the Dungeon.
You worshipped Trog.
Trog was pleased with you.
You visited 1 branch of the dungeon, and saw 4 of its levels.

You collected 143 gold pieces.

Inventory:

Hand Weapons
 a - a +0 hand axe (weapon)
Armour
 h - a +0 plate armour (worn)
Jewellery
 i - a cursed -4 ring of intelligence (left hand)
 k - a cursed ring of teleportation (right hand)
 l - an uncursed ring of poison resistance
Scrolls
 b - 5 scrolls of identify {unknown}
 d - 2 scrolls of remove curse {unknown}
 f - a scroll of blinking {unknown}
 j - 2 scrolls of enchant armour {unknown}
 n - a scroll of fear {unknown}
 o - 2 scrolls of teleportation {unknown}
Potions
 c - 7 potions of curing {unknown}
 e - 2 potions of degeneration {unknown}
 g - 2 potions of berserk rage {unknown}
 m - a potion of invisibility {unknown}
 p - a potion of magic {unknown}
 q - a potion of brilliance {unknown}


   Skills:
 + Level 5.2 Fighting
 + Level 6.0 Axes
 + Level 4.0 Armour
 + Level 2.7 Dodging


You had 4 spell levels left.
You didn't know any spells.
Your spell library was empty.

Dungeon Overview and Level Annotations

Branches:
Dungeon (4/15)
 Temple: D:4-7

Altars:
Ashenzari
Gozag
Xom
Yredelemnul


Innate Abilities, Weirdness & Mutations

You reflexively headbutt those who attack you in melee.
You have a pair of horns on your head.


Message History

* * * LOW HITPOINT WARNING * * *
The iguana barely misses you.
You hit the leopard gecko.
The leopard gecko is almost dead.
You hit the iguana.
You feel strangely unstable.
You are suddenly yanked towards some nearby monsters!
Your surroundings suddenly seem different.
You feel the effects of Trog's Hand fading.
An ogre comes into view. It is wielding a +0 giant spiked club.
The ogre shouts!
An orc wizard comes into view. It is wielding a +0 dagger.
The orc wizard shouts!
An orc comes into view. It is wielding a +0 flail.
The orc shouts!
An orc comes into view. It is wielding a -2 flail.
The orc shouts!
An orc priest comes into view. It is wielding a -2 falchion.
The orc priest shouts!
The ogre hits you with a +0 giant spiked club!
You die...

.. ###.
. ... ..
##+#.o
..
#..o.#.#
#.oo...#
#....#
#O@..#
#....#
#...$#
#....#
#....#
#....#
#....#
######


You could see an ogre, an orc priest, an orc wizard and 2 orcs.

Vanquished Creatures
  2 scorpions (D:4)
  An orc wizard (D:4)
  A worker ant (D:4)
  A howler monkey skeleton (D:4)
  3 adders
  An ooze (D:3)
  3 worms
  A dart slug (D:1)
  3 leopard geckos
  6 orcs
  4 giant cockroaches
  4 goblins
  5 hobgoblins
  2 ball pythons
  2 bats (D:1)
  4 frilled lizards
  7 kobolds
  A leopard gecko skeleton (D:4)
  A quokka skeleton (D:4)
  6 rats
58 creatures vanquished.

Notes
Turn   | Place    | Note
-------+----------+-------------------------------------------
     0 | D:1      | dohliylev the Minotaur Berserker began the quest for the
                  | Orb.
     0 | D:1      | Reached XP level 1. HP: 19/19 MP: 0/0
   505 | D:1      | Reached XP level 2. HP: 26/27 MP: 1/1
   580 | D:1      | Reached skill level 4 in Axes
  1316 | D:2      | Found an opulent altar of Gozag.
  1316 | D:2      | Found a broken altar of Ashenzari.
  1317 | D:2      | Found a shimmering altar of Xom.
  1317 | D:2      | Found a basalt altar of Yredelemnul.
  1322 | D:2      | Reached XP level 3. HP: 34/34 MP: 2/2
  1805 | D:2      | You fall into a shaft and drop 2 floors!
  1820 | D:4      | Noticed a scorpion
  1831 | D:4      | Killed a scorpion
  1832 | D:4      | Reached XP level 4. HP: 22/41 MP: 3/3
  1989 | D:4      | Reached ** piety under Trog
  1990 | D:4      | Reached skill level 5 in Axes
  2338 | D:2      | Lost intelligence.
  2906 | D:3      | Reached skill level 5 in Fighting
  2970 | D:3      | Reached XP level 5. HP: 48/48 MP: 4/4
  3383 | D:4      | Reached skill level 6 in Axes
  3400 | D:4      | Noticed an ogre
  3400 | D:4      | Mangled by an ogre

Illustrated notes

Levels and vault maps discovered:
D:1:      dpeg_arrival_pits, layout_basic, minmay_indecisive_spiral
D:2:      layout_basic, chequers_temple_overflow_statue_of_worship
D:3:      layout_rooms
D:4:      layout_basic

Skill      XL: |  1  2  3  4  5 |
---------------+----------------+-----
Fighting       | 4 5 |  5.2
Axes           | 4 5 6 |  6.0
Armour         | 3 4 |  4.0
Dodging        | |  2.7

Action                   |  1- 3 |  4- 6 || total
-------------------------+-------+-------++-------
Melee: Hand axe          |    79 |    72 ||   151
       Headbutt          |    11 |    17 ||    28
Invok: Berserk           |     1 |     3 ||     4
       Trog's Hand       |       |     1 ||     1
Armor: Leather armour    |     5 |       ||     5
       Animal skin       |     1 |       ||     1
       Plate armour      |    15 |    56 ||    71
Dodge: Dodged            |    39 |    45 ||    84
